 Dungeon Crawl Stone Soup version 0.29.1-12-g30fa7ad0bf (webtiles) character file.

Game seed: 7792009484322057641

101 xSliceyx the Magician (level 5, 20/35 HPs)
             Began as a Djinni Hedge Wizard on Dec 16, 2022.
             Quit the game on level 3 of the Dungeon.
             The game lasted 00:07:41 (3226 turns).

xSliceyx the Magician (Djinni Hedge Wizard)         Turns: 3226, Time: 00:07:42

Health: 20/35      AC:  3    Str:  9    XL:     5   Next: 4%
Gold:   83         EV: 12    Int: 18    God:
                   SH:  0    Dex: 12

rFire   + + .      SeeInvis .   m - +2 rapier (protect)
rCold   x . .      Faith    .   (no shield)
rNeg    . . .      Spirit   .   b - +0 robe
rPois   ∞          Reflect  .   c - +0 hat
rElec   .          Harm     .   j - +0 cloak
rCorr   .          Rampage  .   (no gloves)
Will    .....                   (boots unavailable)
Stlth   ++........              (no amulet)
HPRegen 0.11/turn               (no ring)
MPRegen 0.00/turn               (no ring)

@: flying
A: sickness immunity, fire resistance 2, cold vulnerability 1, float, innate
caster, HP casting, extra vitality 1
a: no special abilities


You were on level 3 of the Dungeon.
You visited 1 branch of the dungeon, and saw 3 of its levels.

You collected 83 gold pieces.

Inventory:

Hand Weapons
 m - a +2 rapier of protection (weapon)
Missiles
 k - 5 silver javelins
 l - a throwing net
 s - 4 poisoned darts
Armour
 b - a +0 robe (worn)
 c - a +0 hat (worn)
 j - a +0 cloak (worn)
Jewellery
 g - a +4 ring of evasion
Scrolls
 a - 3 scrolls of identify {unknown}
 e - a scroll of summoning {unknown}
 f - a scroll of noise {unknown}
 h - 2 scrolls of teleportation {unknown}
 i - a scroll of butterflies {unknown}
 p - a scroll of poison {unknown}
 q - a scroll of enchant weapon {unknown}
Potions
 d - 3 potions of heal wounds {unknown}
 n - a potion of flight {unknown}
 o - a potion of might {unknown}
 r - a potion of curing {unknown}
 t - a potion of haste {unknown}


   Skills:
 - Level 2.1 Dodging
 - Level 1.5 Stealth
 + Level 4.1 Spellcasting


You couldn't memorise any spells.
You knew the following spells:

 Your Spells              Type           Power      Damage    Failure   Level
a - Magic Dart            Conj           72%        1d6       2%          1
b - Blink                 Tloc           36%        N/A       4%          2
c - Call Imp              Summ           18%        N/A       4%          2
d - Slow                  Hex            72%        N/A       2%          1
e - Conjure Flame         Conj/Fire      18%        6-21      8%          3
f - Mephitic Cloud        Conj/Pois/Air  18%        N/A       8%          3
g - Sting                 Tmut/Pois      72%        1d6       2%          1
h - Wereblood             Tmut           18%        N/A       4%          2
Your spell library was empty.

Dungeon Overview and Level Annotations

Branches:
Dungeon (3/15)

Altars:
Ru


Innate Abilities, Weirdness & Mutations

You are immune to sickness and miasma.
You are immune to poison.
Your flesh is very heat resistant. (rF++)
You are vulnerable to cold. (rC-)
You float through the air rather than walking.
You learn spells naturally, not from books.
Your magical power is your life essence.
You have superior vitality. (+4 MHP)


Message History

Confirm with . or Enter, or press ? or * to list all spells.
Aiming: Sting (safe; 2% risk of failure)
Press: ? - help, Shift-Dir - straight line, f/p - adder
Aim: an adder (moderately wounded, poisoned, 57% to hit)
The sting misses the adder.
The adder bites you.
Unknown command.
Casting: Sting (safe; 2% risk of failure)
Confirm with . or Enter, or press ? or * to list all spells.
Aiming: Sting (safe; 2% risk of failure)
Press: ? - help, Shift-Dir - straight line, f/p - adder
Aim: an adder (heavily wounded, poisoned, 57% to hit)
The sting misses the adder.
The adder barely misses you.
Unknown command.
Casting: Sting (safe; 2% risk of failure)
Confirm with . or Enter, or press ? or * to list all spells.
Aiming: Sting (safe; 2% risk of failure)
Press: ? - help, Shift-Dir - straight line, f/p - adder
Aim: an adder (heavily wounded, poisoned, 57% to hit)
The sting misses the adder.
The adder bites you.
Unknown command.
Casting: Sting (safe; 2% risk of failure)
Confirm with . or Enter, or press ? or * to list all spells.
Aiming: Sting (safe; 2% risk of failure)
Press: ? - help, Shift-Dir - straight line, f/p - adder
Aim: an adder (heavily wounded, poisoned, 57% to hit)
The sting misses the adder.
The adder bites you. The adder bites you but does no damage.
Unknown command.
Casting: Sting (safe; 2% risk of failure)
Confirm with . or Enter, or press ? or * to list all spells.
Aiming: Sting (safe; 2% risk of failure)
Press: ? - help, Shift-Dir - straight line, f/p - adder
Aim: an adder (heavily wounded, poisoned, 57% to hit)
The sting hits the adder.
The adder looks even sicker.
The adder is almost dead.
You kill the adder!
You have reached level 5!
The power to cast Wereblood wells up from within.
Spell assigned to 'h'.
Are you sure you want to abandon this character and quit the game? (Confirm with "yes".)

##.## # #...#
###.####### #...####
.........#### #....[..
.##.##.......###...####
........#.##.).(.......
....##..#..............
..##.##..####.>.........
.......@.# #.###...###.
..#####.......# #.......
#.####### #...###. ..#
#...# ## #.# ##.## ..#
###


There were no monsters in sight!

Vanquished Creatures
  An orc wizard (D:3)
  2 adders
  A worm (D:3)
  2 dart slugs (D:1)
  3 orcs (D:3)
  6 endoplasms
  5 giant cockroaches
  4 goblins
  A hobgoblin (D:3)
  A quokka (D:2)
  3 ball pythons (D:1)
  4 bats
  4 frilled lizards
  7 kobolds
  6 rats
50 creatures vanquished.

Notes
Turn   | Place    | Note
-------+----------+-------------------------------------------
     0 | D:1      | xSliceyx the Djinni Hedge Wizard began the quest for the
                  | Orb.
     0 | D:1      | xSliceyx set off with the following spells memorised: Magic
                  | Dart, Blink, Call Imp, Slow, Conjure Flame, Mephitic Cloud.
     0 | D:1      | Reached XP level 1. HP: 15/15 MP: 0/0
   410 | D:1      | Reached XP level 2. HP: 18/21 MP: 0/0
   560 | D:1      | Reached skill level 3 in Spellcasting
   823 | D:1      | Reached XP level 3. HP: 18/25 MP: 0/0
   823 | D:1      | Learned a level 1 spell: Sting
   907 | D:1      | Found a faded altar of an unknown god.
  2245 | D:2      | Reached XP level 4. HP: 26/31 MP: 0/0
  2848 | D:3      | Found a sacrificial altar of Ru.
  2889 | D:3      | Reached skill level 4 in Spellcasting
  3226 | D:3      | Reached XP level 5. HP: 20/35 MP: 0/0
  3226 | D:3      | Learned a level 2 spell: Wereblood
  3226 | D:3      | Quit the game

Illustrated notes

Levels and vault maps discovered:
D:1:      onia_arrival_handbag, layout_loops_ring, ebering_ecumenical_altar_mist
D:2:      layout_loops_ring
D:3:      layout_loops_cross, mainiacjoe_overflow_surrounded_room,
          chequers_serial_rivers_marsh, item_on_display_b

Skill      XL: |  1  2  3  4 |
---------------+-------------+-----
Spellcasting   | 3 4 |  4.1
Dodging        | |  2.1
Stealth        | |  1.5

Action                   |  1- 3 |  4- 6 || total
-------------------------+-------+-------++-------
Melee: Short sword       |     6 |       ||     6
 Cast: Magic Dart        |    72 |    18 ||    90
       Sting             |    15 |    18 ||    33
       Conjure Flame     |     1 |     1 ||     2
Armor: Robe              |     5 |     2 ||     7
Dodge: Dodged            |    14 |     2 ||    16
